 Dungeon Sprint DCSS version 0.23.2-1-ga50397a (webtiles) character file.

Game seed: 14439217040807459044

705 Fang the Fighter (level 7, 0/76 HPs)
             Began as a Gargoyle Berserker on Apr 24, 2019.
             Was a High Priest of Trog.
             Slain by an efreet
             ... wielding a +3 scimitar of flaming
              (7 damage)
             ... in the Dungeon (Sprint IX: "|||||||||||||||||||||||||||||").
             The game lasted 00:00:54 (409 turns).

Fang the Fighter (Gargoyle Berserker)                Turns: 409, Time: 00:00:55

Health: 0/76       AC: 15    Str: 30    XL:     7   Next: 67%
Magic:  7/7        EV: 15    Int:  8    God:    Trog [*****.]
Gold:   0          SH:  0    Dex: 12    Spells: 6/6 levels left

rFire    . . .     SeeInvis .   n - +1 broad axe (chop)
rCold    . . .     Gourm    .   (no shield)
rNeg     + . .     Faith    .   q - +2 ring mail
rPois    ∞         Spirit   .   r - +0 helmet
rElec    +         Reflect  .   (no cloak)
rCorr    .         Harm     .   (no gloves)
MR       .....     NoTele   +   (no boots)
Stlth    ..........             (no amulet)
HPRegen  0.22/turn              o - +3 ring of strength
MPRegen  0.10/turn              p - +3 ring of dexterity

@: berserking (expiring), very quick
A: negative energy resistance 1, electricity resistance, unbreathing,
petrification resistance, rot immunity, AC +4
a: Berserk, Trog's Hand, Brothers in Arms, Renounce Religion


You were in the Dungeon.
You worshipped Trog.
Trog was extremely pleased with you.
You were very hungry.

You visited 1 branch

Inventory:

Hand Weapons
 n - a +1 broad axe of chopping (weapon)
Armour
 q - a +2 ring mail (worn)
 r - a +0 helmet (worn)
Jewellery
 o - a +3 ring of strength (left hand)
 p - a +3 ring of dexterity (right hand)
Wands
 m - a wand of acid (10)
Scrolls
 i - 2 scrolls of blinking
 l - 3 scrolls of remove curse
Potions
 d - 5 potions of curing
 e - 3 potions of heal wounds
 f - a potion of haste
 g - 4 potions of magic
 h - a potion of berserk rage
 k - a potion of invisibility
Comestibles
 a - a chunk of flesh
 c - a ration


   Skills:
 + Level 9.5 Fighting
 + Level 8.0 Axes
 + Level 9.2 Armour
 + Level 7.0 Dodging


You had 6 spell levels left.
You didn't know any spells.
Your spell library was empty.

Dungeon Overview and Level Annotations

Branches:
Dungeon (1/1)

Altars:
Cheibriados
Dithmenos
Elyvilon
Fedhas
Gozag
Hepliaklqana
Kikubaaqudgha
Makhleb
Nemelex Xobeh
Okawaru
Qazlal
Ru
Sif Muna
Trog
Uskayaw
Vehumet
Wu Jian
Xom
Yredelemnul
Zin
The Shining One
Beogh
Jiyva
Lugonu


Innate Abilities, Weirdness & Mutations

You are resistant to torment.
Your stone body is resilient. (AC +4)
You are immune to poison.
You resist negative energy. (rN+)
You are resistant to electric shocks. (rElec)
You can survive without breathing.
You are immune to petrification.
You are immune to rotting.


Message History

You feel a bit more experienced. The efreet gestures at you.
The bolt of fire hits you!
* * * LOW HITPOINT WARNING * * *
There is an open door, spattered with blood here.
You hit the efreet.
The efreet is moderately wounded.
The efreet gestures at you. The bolt of fire hits you!
* * * LOW HITPOINT WARNING * * *
You hit the efreet but do no damage.
The efreet is moderately wounded.
The efreet gestures at you. The bolt of fire misses you.
You hit the efreet.
The efreet is moderately wounded.
You slash the efreet!
The efreet is severely wounded.
The efreet hits you with a +3 scimitar of flaming!
You die... ▓▓▓▓▓▓▓▓▓▓▓▓▓▓▓▓▓▓▓▓▓▓▓▓ .?|)[[...(÷.....@RYQhJ.+ ▓▓▓▓▓▓▓▓▓▓▓▓▓▓▓▓▓▓▓▓▓▓▓▓

You could see a slime creature, a tengu warrior, an efreet, a black bear and a sky beast.

Vanquished Creatures
  A vampire (D)
  A wraith (D)
  An ice beast (D)
  A sky beast (D)
  2 phantoms (D)
  A centaur (D)
  2 iguanas (D)
  A worker ant (D)
  A dart slug (D)
  A leopard gecko (D)
  A kobold (D)
  A quokka (D)
  A bat (D)
  A goblin (D)
  A quokka zombie (D)
17 creatures vanquished.

Notes
Turn   | Place    | Note
-------+----------+-------------------------------------------
     0 | D        | Fang the Gargoyle Berserker began the quest for the Orb.
     0 | D        | Reached XP level 1. HP: 14/14 MP: 1/1
    10 | D        | Reached ** piety under Trog
    12 | D        | Reached XP level 2. HP: 19/20 MP: 2/2
    67 | D        | Noticed a sky beast
    67 | D        | Noticed a centaur
    67 | D        | Noticed a phantom
    77 | D        | Killed a sky beast
    77 | D        | Reached skill level 5 in Fighting
    77 | D        | Reached skill level 5 in Armour
    77 | D        | Reached XP level 3. HP: 27/27 MP: 3/3
    77 | D        | Reached XP level 4. HP: 32/32 MP: 4/4
    84 | D        | Killed a phantom
    84 | D        | Reached *** piety under Trog
    84 | D        | Reached skill level 5 in Axes
    84 | D        | Reached XP level 5. HP: 16/37 MP: 5/5
    86 | D        | Killed a centaur
    86 | D        | Reached skill level 5 in Dodging
    86 | D        | Reached XP level 6. HP: 20/44 MP: 6/6
   214 | D        | Found a roughly hewn altar of Beogh.
   214 | D        | Found a snail-covered altar of Cheibriados.
   214 | D        | Found a shadowy altar of Dithmenos.
   214 | D        | Found a white marble altar of Elyvilon.
   214 | D        | Found a blossoming altar of Fedhas.
   214 | D        | Found an opulent altar of Gozag.
   215 | D        | Found a hazy altar of Hepliaklqana.
   216 | D        | Found a viscous altar of Jiyva.
   217 | D        | Found an ancient bone altar of Kikubaaqudgha.
   218 | D        | Found a corrupted altar of Lugonu.
   219 | D        | Found a burning altar of Makhleb.
   220 | D        | Found a sparkling altar of Nemelex Xobeh.
   221 | D        | Found an iron altar of Okawaru.
   222 | D        | Found a stormy altar of Qazlal.
   223 | D        | Found a sacrificial altar of Ru.
   224 | D        | Found a deep blue altar of Sif Muna.
   225 | D        | Found a bloodstained altar of Trog.
   226 | D        | Found a hide-covered altar of Uskayaw.
   227 | D        | Found a radiant altar of Vehumet.
   228 | D        | Found an ornate altar of the Wu Jian Council.
   229 | D        | Found a shimmering altar of Xom.
   230 | D        | Found a basalt altar of Yredelemnul.
   231 | D        | Found a glowing silver altar of Zin.
   232 | D        | Found a glowing golden altar of the Shining One.
   301 | D        | Noticed a wraith
   301 | D        | Noticed an ice beast
   301 | D        | Noticed a phantom
   307 | D        | Killed a wraith
   307 | D        | Reached **** piety under Trog
   312 | D        | Reached XP level 7. HP: 50/50 MP: 7/7
   322 | D        | Reached ***** piety under Trog
   322 | D        | Received a gift from Trog
   398 | D        | Noticed a vampire
   398 | D        | Noticed an efreet
   398 | D        | Noticed a tengu warrior
   398 | D        | Noticed a slime creature
   404 | D        | Killed a vampire
   409 | D        | Slain by an efreet

Skill      XL: |  1  2  3  4  5  6  7 |
---------------+----------------------+-----
Axes           | 3 4 5 6 7 8 |  8.0
Dodging        | 2 3 4 5 6 7 |  7.0
Armour         | 3 5 6 8 9 |  9.2
Fighting       | 5 6 7 8 9 |  9.5

Action                   |  1- 3 |  4- 6 |  7- 9 || total
-------------------------+-------+-------+-------++-------
Melee: Hand axe          |    21 |    11 |       ||    32
       Broad axe         |       |    10 |    18 ||    28
Invok: Berserk           |     1 |     1 |     1 ||     3
Armor: Animal skin       |     8 |     3 |       ||    11
       Ring mail         |       |     1 |    10 ||    11
Dodge: Dodged            |    11 |    11 |     9 ||    31
